 Dungeon Crawl Stone Soup version 0.28.0-49-g6dfe1f597d (webtiles) character file.

Game seed: 2690749412031848150

1831 Atelerd the Geomancer (level 9, 0/51 HPs)
             Began as an Octopode Earth Elementalist on May 12, 2022.
             Slain by a bullfrog (7 damage)
             ... on level 6 of the Dungeon.
             The game lasted 00:14:39 (8474 turns).

Atelerd the Geomancer (Octopode Earth Elementalist) Turns: 8474, Time: 00:14:40

Health: 0/51       AC:  1    Str:  8    XL:     9   Next: 11%
Magic:  9/19       EV: 13    Int: 21    God:
Gold:   192        SH:  0    Dex: 12    Spells: 17/22 levels left

rFire   . . .      SeeInvis +   a - +0 short sword
rCold   + . .      Faith    .   (no shield)
rNeg    . . .      Spirit   .   (helmet restricted)
rPois   .          Reflect  .   (no amulet)
rElec   .          Harm     .   g - ring of see invisible
rCorr   .          Rampage  .   j - ring of protection from cold
Will    .....                   (no ring)
Stlth   +++.......              (no ring)
HPRegen 0.17/turn               (no ring)
MPRegen 0.16/turn               (no ring)
                                (no ring)
                                (no ring)

@: mighty, about to teleport
A: almost no armour, amphibious, 8 rings, camouflage 1, gelatinous body 1,
(nimble swimmer 1), tentacles, tentacle spike 1
a: no special abilities


You were on level 6 of the Dungeon.
You visited 2 branches of the dungeon, and saw 7 of its levels.
You also visited: Sewer and Ossuary.

You collected 387 gold pieces.
You spent 195 gold pieces at shops.

Inventory:

Hand Weapons
 a - a +0 short sword (weapon)
Missiles
 f - 3 throwing nets
Armour
 i - a +0 buckler
Jewellery
 g - a ring of see invisible (left tentacle)
 j - a ring of protection from cold (right tentacle)
 k - a ring of poison resistance
 q - a ring of resist corrosion
Wands
 m - a wand of flame (27)
 u - a wand of iceblast (5)
 D - a wand of mindburst (16)
Scrolls
 c - 2 scrolls of amnesia
 h - a scroll of fear {unknown}
 l - 4 scrolls of fog
 o - 2 scrolls of vulnerability {unknown}
 p - a scroll of teleportation
 s - a scroll of magic mapping
 v - 2 scrolls of enchant weapon
 y - a scroll of immolation
 A - a scroll of noise {unknown}
Potions
 t - a potion of flight
 w - a potion of might
 x - 2 potions of degeneration
 z - 2 potions of cancellation
 B - a potion of attraction
 C - a potion of magic {unknown}


   Skills:
 - Level 2.0 Dodging
 - Level 4.0 Stealth
 + Level 7.3 Spellcasting
 - Level 3.0 Transmutations
 + Level 8.4 Earth Magic


You had 17 spell levels left.
You knew the following spells:

 Your Spells              Type           Power      Damage    Failure   Level
a - Sandblast             Erth           84%        2d18      1%          1
p - Petrify               Tmut/Erth      31%        N/A       9%          4

Your spell library contained the following spells:

 Spells                   Type           Power      Damage    Failure   Level
 Passwall                 Tmut/Erth      25%        N/A       1%          2
 Stone Arrow              Conj/Erth      50%        3d10      4%          3


Dungeon Overview and Level Annotations

Branches:
Dungeon (6/15)             Temple (1/1) D:4           Sewer (visited)
Ossuary (visited)

Altars:
Ashenzari
Cheibriados
Dithmenos
Elyvilon
Fedhas
Gozag
Hepliaklqana
Kikubaaqudgha
Makhleb
Nemelex Xobeh
Okawaru
Qazlal
Ru
Trog
Uskayaw
Xom
Yredelemnul
Zin
The Shining One

Shops:
D:1 (   D:4 [   D:5 !


Innate Abilities, Weirdness & Mutations

You cannot wear most types of armour.
You are amphibious.
You can wear up to eight rings at the same time.
Your skin changes colour to match your surroundings (Stealth+).
Your rubbery body absorbs attacks. (AC +1, EV +1)
((You are camouflaged when in or above water. (Stealth+)))
You have tentacles for arms and can constrict up to eight enemies at once.
One of your tentacles bears a spike.


Message History

You feel clever. x2
The helpless hound fails to defend itself.
You puncture the hound! You grab the hound.
You pierce the hound.
You squeeze the hound.
The hound is severely wounded.
You constrict the hound. The bullfrog hits you. The bullfrog barely misses you.
Unknown command.
The helpless hound fails to defend itself.
You hit the hound.
You pierce the hound.
You kill the hound!
The bullfrog hits you!
* * * LOW HITPOINT WARNING * * *
The bullfrog hits you.
* * * LOW HITPOINT WARNING * * *
Okay, then.
Okay, then.
Okay, then.
You feel better. The bullfrog closely misses you. The centaur zombie hits you.
* * * LOW HITPOINT WARNING * * *
The centaur zombie kicks you.
* * * LOW HITPOINT WARNING * * *
You feel better. The bullfrog misses you.
The centaur zombie closely misses you. The centaur zombie barely misses you.
A howler monkey skeleton comes into view.
The bullfrog hits you.
* * * LOW HITPOINT WARNING * * *
As you read the scroll of teleportation, it crumbles to dust.
You feel strangely unstable. The centaur zombie hits you.
* * * LOW HITPOINT WARNING * * *
The centaur zombie kicks you.
* * * LOW HITPOINT WARNING * * *
The bullfrog closely misses you. The centaur zombie barely misses you.
The centaur zombie kicks you.
* * * LOW HITPOINT WARNING * * *
You feel better. The bullfrog barely misses you. The centaur zombie hits you.
* * * LOW HITPOINT WARNING * * *
The centaur zombie kicks you.
* * * LOW HITPOINT WARNING * * *
The bullfrog hits you!
You die...

..### ......# .......+
.......#
############......#.
.#.............[......
........................
............Z...........
......F@................
.#....Z†................
..........###...........
............#...........
............#...........
............+...........
..#####.Z...#....###....
.. #...###....# #....
........# #....


You could see a bullfrog, a centaur zombie, a howler monkey zombie and a howler
monkey skeleton (wandering).

Vanquished Creatures
  Maggie (D:6)
  Grinder (D:6)
  A wraith (Ossuary)
  Pargi (Sewer)
  An ogre (D:5)
  A phantom (D:3)
  A water moccasin skeleton (D:3)
  2 vampire bats (D:3)
  4 wights (Ossuary)
  A human zombie (D:6)
  A jelly (D:4)
  An orc priest (D:5)
  2 hounds
  Ijyb (D:3)
  Jessica (D:2)
  A gnoll shaman (D:4)
  Natasha (thrice) (D:3)
  2 orc wizards (D:5)
  A hound zombie (D:5)
  A hound skeleton (D:5)
  Robin (D:3)
  7 gnolls (D:4)
  7 adders
  A shadow imp (D:5)
  An adder skeleton (D:4)
  An adder zombie (D:5)
  3 worms
  A dart slug (D:5)
  17 orcs
  7 ball pythons
  2 bat skeletons (D:3)
  3 bat zombies (D:3)
  8 endoplasms
  5 giant cockroaches
  16 goblins
  12 hobgoblins
  4 jackals (D:3)
  4 quokkas
  9 bats
  4 frilled lizards
  2 hobgoblin skeletons (Ossuary)
  10 kobolds
  2 kobold zombies (Ossuary)
  An orc skeleton (Ossuary)
  3 orc zombies (Ossuary)
  6 rats
165 creatures vanquished.

Notes
Turn   | Place    | Note
-------+----------+-------------------------------------------
     0 | D:1      | Atelerd the Octopode Earth Elementalist began the quest for
                  | the Orb.
     0 | D:1      | Reached XP level 1. HP: 11/11 MP: 3/3
   444 | D:1      | Reached XP level 2. HP: 8/17 MP: 1/5
   626 | D:1      | Found Anuenuh's Antique Weapon Shoppe.
  1218 | D:1      | Found a faded altar of an unknown god.
  1362 | D:1      | Reached XP level 3. HP: 17/21 MP: 6/6
  1793 | D:2      | Noticed Jessica
  1800 | D:2      | Killed Jessica
  1801 | D:2      | Reached XP level 4. HP: 12/27 MP: 5/8
  2448 | D:3      | Noticed Robin
  2460 | D:3      | Killed Robin
  2505 | D:3      | Reached XP level 5. HP: 17/31 MP: 2/9
  2516 | D:3      | Reached skill level 4 in Earth Magic
  2792 | D:3      | Learned a level 4 spell: Petrify
  2803 | D:3      | Noticed Ijyb
  2817 | D:3      | Killed Ijyb
  3445 | D:3      | Noticed a phantom
  3451 | D:3      | Killed a phantom
  3452 | D:3      | Reached XP level 6. HP: 28/36 MP: 4/11
  3580 | D:3      | Found an ancient bone altar of Kikubaaqudgha.
  3842 | D:3      | Noticed Natasha
  3851 | D:3      | Killed Natasha
  3852 | D:3      | Reached skill level 5 in Earth Magic
  3922 | D:3      | Noticed Natasha
  3929 | D:3      | Killed Natasha
  4359 | D:3      | Noticed Natasha
  4365 | D:3      | Killed Natasha
  4366 | D:3      | Reached XP level 7. HP: 41/41 MP: 11/13
  4426 | D:4      | Found a staircase to the Ecumenical Temple.
  4519 | D:4      | Found an iron altar of Okawaru.
  4646 | D:4      | Found Seaskail's Armour Shoppe.
  4910 | D:4      | Found a glowing drain.
  4914 | Sewer    | Entered a sewer
  4978 | Sewer    | Noticed Pargi
  5013 | Sewer    | Killed Pargi
  5014 | Sewer    | Reached skill level 5 in Spellcasting
  5014 | Sewer    | Reached skill level 6 in Earth Magic
  5269 | Temple   | Entered the Ecumenical Temple
  5459 | D:4      | Found a glowing golden altar of the Shining One.
  5625 | D:5      | Entered Level 5 of the Dungeon
  6075 | D:5      | Reached XP level 8. HP: 35/46 MP: 9/16
  6658 | D:5      | Found Weghaise's Distillery.
  6663 | D:5      | Bought a potion of degeneration for 13 gold pieces
  6663 | D:5      | Bought a potion of curing for 39 gold pieces
  6663 | D:5      | Bought a potion of curing for 39 gold pieces
  6663 | D:5      | Bought a potion of cancellation for 104 gold pieces
  6667 | D:5      | Gained mutation: You have a pair of small antennae on your
                  | head. [potion of mutation]
  6698 | D:5      | Lost mutation: You have a pair of small antennae on your
                  | head. [potion of mutation]
  6698 | D:5      | Gained mutation: One of your tentacles bears a spike.
                  | [potion of mutation]
  7053 | D:6      | Found a sand-covered staircase.
  7073 | Ossuary  | Entered an ossuary
  7556 | Ossuary  | Reached skill level 7 in Earth Magic
  7586 | Ossuary  | Noticed a flying skull
  7586 | Ossuary  | Noticed a wraith
  7597 | Ossuary  | Noticed a flying skull
  7628 | Ossuary  | Noticed a flying skull
  7632 | Ossuary  | Noticed a flying skull
  7686 | Ossuary  | Noticed a wraith
  7695 | Ossuary  | Killed a wraith
  7927 | Ossuary  | Noticed a wraith
  8368 | D:6      | Noticed Maggie
  8383 | D:6      | Killed Maggie
  8384 | D:6      | Reached skill level 8 in Earth Magic
  8450 | D:6      | Noticed Grinder
  8468 | D:6      | Killed Grinder
  8469 | D:6      | Reached XP level 9. HP: 22/51 MP: 8/19
  8474 | D:6      | Slain by a bullfrog

Illustrated notes

Levels and vault maps discovered:
D:1:      giann_forest_graveyard, layout_basic, serial_shops,
          nicolae_diamond_shop, shapermc_ecumenical_altar_mp_ritualfount
D:2:      layout_rooms, minmay_ruptured, uniq_jessica
D:3:      minmay_chambers_of_twos, layout_basic, kennysheep_vampire_church,
          minmay_close_crescents, uniq_natasha, uniq_robin, uniq_ijyb
D:4:      layout_rooms, mainiacjoe_overflow_catch_the_wave,
          minmay_temple_entry_purple_smoke, serial_shops, nicolae_shop_crystal,
          gup_sewer_entry_spiral, hangedman_abyss_or_decor_passed,
          hangedman_decor_lopped
D:5:      layout_cave_pods, serial_shops, nicolae_shop_hallway_plus, minivault_1
D:6:      layout_basic, enter_ossuary_3, uniq_edmund, uniq_grinder, uniq_maggie
Temple:   eino_temple_rhombus

Skill      XL: |  1  2  3  4  5  6  7  8 |
---------------+-------------------------+-----
Transmutations | 2 3 |  3.0
Stealth        | 3 4 |  4.0
Spellcasting   | 3 4 5 7 |  7.3
Earth Magic    | 4 5 6 8 |  8.4
Dodging        | |  2.0

Action                   |  1- 3 |  4- 6 |  7- 9 || total
-------------------------+-------+-------+-------++-------
Melee: Short sword       |    38 |    71 |   111 ||   220
       Constrict         |     7 |    19 |    29 ||    55
       Tentacles         |    11 |    15 |    31 ||    57
       Punch             |     1 |       |       ||     1
       Kick              |       |       |    23 ||    23
 Cast: Sandblast         |    17 |    51 |    77 ||   145
       Petrify           |       |     1 |     5 ||     6
Evoke: Wand              |       |       |     4 ||     4
  Use: Scroll            |       |       |    12 ||    12
       Potion            |       |       |    10 ||    10
 Stab: Sleeping          |     5 |    14 |    17 ||    36
       Petrified         |       |     7 |    20 ||    27
       Distracted        |       |     1 |       ||     1
Armor: Skin              |     6 |     8 |    10 ||    24
Dodge: Dodged            |    23 |    49 |   111 ||   183
